 Dungeon Crawl Stone Soup version 0.30-a0-165-g1891117ce2 (webtiles) character file.

Game seed: 2725878051579812699

233 qw the Chopper (level 6, -1/38 HPs)
             Began as a Gargoyle Fighter on Sept 28, 2022.
             Killed by nerve-wracking pain
             ... invoked by an orc priest
              (4 damage)
             ... on level 3 of the Dungeon.
             The game lasted 00:00:48 (2692 turns).

qw the Chopper (Gargoyle Fighter)                   Turns: 2692, Time: 00:00:49

Health: -1/38      AC: 13    Str: 22    XL:     6   Next: 5%
Magic:  6/6        EV: 11    Int:  8    God:
Gold:   73         SH:  4    Dex:  9    Spells: 5/5 levels left

rFire   . . .      SeeInvis .    Y - +0 war axe
rCold   . . .      Faith    .    c - +0 buckler
rNeg    + . .      Spirit   .    j - +0 chain mail
rPois   inf        Reflect  .    (no helmet)
rElec   +          Harm     .    (no cloak)
rCorr   .          Rampage  .    (no gloves)
Will    .....                    (no boots)
Stlth   ..........               (no amulet)
HPRegen 0.12/turn                h - +4 ring of evasion
MPRegen 0.10/turn                (no ring)

@: no status effects
A: sickness immunity, AC +4, negative energy resistance 1, electricity
resistance, torment resistance 1, petrification resistance
a: no special abilities


You were on level 3 of the Dungeon.
You visited 1 branch of the dungeon, and saw 3 of its levels.

You collected 73 gold pieces.


Innate Abilities, Weirdness & Mutations

You are immune to sickness and miasma.
Your stone body is resilient. (AC +4)
You are immune to poison.
You resist negative energy. (rN+)
You are resistant to electric shocks. (rElec)
You are resistant to unholy torment.
You are immune to petrification.


   Skills:
 + Level 3.9 Fighting
 - Level 5.2 Axes
 - Level 3.2 Armour
 - Level 3.2 Shields


You had 5 spell levels left.
You didn't know any spells.
Your spell library was empty.

Inventory:

Hand Weapons
 m - a +0 mace
 Y - a +0 war axe (weapon)
Missiles
 f - 3 boomerangs (quivered)
Armour
 c - a +0 buckler (worn)
 j - a +0 chain mail (worn)
Jewellery
 h - a +4 ring of evasion (left hand)
Scrolls
 b - a scroll of identify
Potions
 d - a potion of might
 e - a potion of haste
 l - 2 potions of attraction

Dungeon Overview and Level Annotations

Branches:
Dungeon (3/15)

Altars:

Annotations:
D:1 1 transporter


Message History

You have reached level 6!
An orc wizard comes into view. It is wielding a +0 dagger.
Found a stone staircase leading down.
The orc priest looks encouraged for a moment.
The orc hits you but does no damage.
Things that are here:
a +0 hand axe; a +0 flail; an orc corpse You closely miss the orc.
You hit the orc but do no damage.
The orc priest casts a cantrip, but nothing happens.
You hit the orc but do no damage. You hit the orc.
The orc hits you with a +0 trident. The orc misses you.
You barely miss the orc.
The orc is moderately wounded.
You closely miss the orc. You closely miss the orc priest.
You hit the orc priest. The orc priest barely misses you.
The orc barely misses you. You block the orc's attack.
The orc priest hits you with a +0 falchion.
The orc priest hits you with a +0 falchion!
The orc priest closely misses you. The orc hits you but does no damage.
The orc wizard mumbles some strange words.
The orc wizard flickers and vanishes!
Deactivating autopickup; reactivate with Ctrl-A.
The orc barely misses you. The orc hits you but does no damage.
You slash the orc!
You kill the orc!
You hit the orc priest but do no damage.
You hit the orc. You slash the orc!
You kill the orc!
You closely miss the orc priest.
The orc priest closely misses you. x2; The orc barely misses you.
You closely miss the orc.
The orc is heavily wounded.
You hit the orc priest but do no damage.
You miss something. You closely miss the orc priest.
You block the orc priest's attack. The orc completely misses you.
Something hits you but does no damage.
The orc priest mumbles some strange prayers to Beogh against you.
Pain shoots through your body!
You die...

##.###.##..##.........
#####.##..#...##.........
#...#.##.##.#..#.........
#.....##.##o# .....(.###
#...........# ...
#..#..#.....# ###.. .
..........##..##... ...
.........###..o#o#...#.
....#.##......)@)......
...##........(.)o......
..# ..##.#####....#####
.. #.. #.# .....# ..
........ ...##....# ....
##..# #.#.# #>#


You could see 2 orc priests and an orc.

Vanquished Creatures
  A phantom (D:3)
  An orc priest (D:3)
  Terence (D:2)
  4 adders
  4 dart slugs
  5 orcs (D:3)
  6 bats
  6 endoplasms
  2 giant cockroaches
  5 goblins
  5 hobgoblins
  2 jackals (D:2)
  2 quokkas (D:1)
  7 ball pythons
  2 frilled lizards (D:2)
  3 kobolds
  4 rats
60 creatures vanquished.

Notes
Turn   | Place    | Note
-------+----------+-------------------------------------------
     0 | D:1      | qw the Gargoyle Fighter began the quest for the Orb.
     0 | D:1      | Reached XP level 1. HP: 14/14 MP: 1/1
     0 | D:1      | 0 ||| qw: Version: 0.2-a-12-gaebbb33
     0 | D:1      | 0 ||| qw: Game counter: 908
     0 | D:1      | 0 ||| qw: Always use a shield: true
     0 | D:1      | 0 ||| qw: God list: Okawaru
     0 | D:1      | 0 ||| qw: Allow faded altars: false
     0 | D:1      | 0 ||| qw: Do Orc after D:15 true
     0 | D:1      | 0 ||| qw: Do second Lair branch before Depths: true
     0 | D:1      | 0 ||| qw: Lair rune preference: random
     0 | D:1      | 0 ||| qw: Plans: Normal, Zot:1-4, God:TSO, Crypt, Tomb,
                  | Pan, Slime:5, Hells, Abyss, Orb
     0 | D:1      | 0 ||| PLANNING D:1-11
    44 | D:1      | Reached skill level 2 in Axes
    90 | D:1      | Found a faded altar of an unknown god.
   112 | D:1      | Reached XP level 2. HP: 19/19 MP: 2/2
   120 | D:1      | 120 ||| Stepping ~*~*~tactically~*~*~ (hiding).
   546 | D:1      | 546 ||| Stepping ~*~*~tactically~*~*~ (stealth).
   746 | D:1      | Reached skill level 3 in Axes
   864 | D:1      | Reached XP level 3. HP: 23/23 MP: 3/3
  1304 | D:1      | 1304 ||| UPGRADING to +0 chain mail.
  1314 | D:1      | 1314 ||| DROPPING +0 scale mail.
  1315 | D:1      | 1315 ||| UPGRADING to +4 ring of evasion.
  1316 | D:1      | 1316 ||| READING scroll labelled IRPHUO LUKOUBRU.
  1317 | D:1      | 1317 ||| READING scroll labelled AXEADI ATIMINN.
  1660 | D:2      | Reached XP level 4. HP: 25/28 MP: 4/4
  1767 | D:2      | Reached skill level 4 in Axes
  1785 | D:2      | Noticed Terence
  1800 | D:2      | HP: 6/28 [Terence/+0 mace (9)]
  1802 | D:2      | Killed Terence
  2071 | D:2      | 2071 ||| Stepping ~*~*~tactically~*~*~ (stealth).
  2073 | D:2      | 2073 ||| Stepping ~*~*~tactically~*~*~ (stealth).
  2074 | D:2      | 2074 ||| DROPPING +0 club.
  2077 | D:2      | 2077 ||| Stepping ~*~*~tactically~*~*~ (stealth).
  2082 | D:2      | 2082 ||| Stepping ~*~*~tactically~*~*~ (hiding).
  2411 | D:2      | 2411 ||| READING scroll labelled DISOZ DUKHOTSI.
  2412 | D:2      | 2412 ||| READING 3 scrolls labelled XAL ESICAEXT.
  2413 | D:2      | 2413 ||| READING scroll labelled MORUOL BERUIWN.
  2514 | D:2      | 2514 ||| DRINKING 2 fizzy blue potions.
  2515 | D:2      | 2515 ||| DRINKING 2 fuming yellow potions.
  2516 | D:2      | 2516 ||| READING 2 scrolls of identify.
  2516 | D:2      | 2516 ||| IDENTIFYING blue potion
  2517 | D:2      | 2517 ||| DROPPING potion of brilliance.
  2568 | D:3      | Noticed a phantom
  2591 | D:3      | Reached XP level 5. HP: 30/32 MP: 5/5
  2591 | D:3      | Killed a phantom
  2592 | D:3      | Reached skill level 5 in Axes
  2675 | D:3      | 2675 ||| Stepping ~*~*~tactically~*~*~ (hiding).
  2687 | D:3      | Reached XP level 6. HP: 14/38 MP: 6/6
  2690 | D:3      | HP: 3/38 [orc priest/+0 falchion (7)]
  2692 | D:3      | Killed from afar by an orc priest

Levels and vault maps discovered:
D:1:      spicycebolla_arrival_risky_transporter, layout_basic,
          hellmonk_ecumenical_altar_crossroads
D:2:      layout_loops_ring, kennysheep_pointless_box, uniq_terence
D:3:      layout_rooms, mainiacjoe_overflow_concentric_impassable, serial_shops,
          shop, kennysheep_flooded_box, ebering_dispersal_statue_hall,
          uniq_crazy_yiuf_cottage

Skill      XL: |  1  2  3  4  5 |
---------------+----------------+-----
Axes           | 2 3 4 5 |  5.2
Fighting       | |  3.9
Armour         | |  3.2
Shields        | |  3.2

Action                   |  1- 3 |  4- 6 || total
-------------------------+-------+-------++-------
Melee: War axe           |    83 |    65 ||   148
Throw: Boomerang         |    11 |    13 ||    24
  Use: Scroll            |     2 |     4 ||     6
       Potion            |       |     2 ||     2
Armor: Scale mail        |    18 |       ||    18
       Chain mail        |    16 |    40 ||    56
Dodge: Dodged            |    33 |    41 ||    74
Block: Buckler           |    12 |    18 ||    30

Table legend:
 A = Non-vault XP
 B = Vault XP
 C = Vault XP percentage of total XP
 D = Non-vault monster count
 E = Vault monster count
 F = Vault count percentage of total count
                 A         B        C        D         E       F
            +---------+---------+-------+---------+---------+-------
      Total |     298 |      36 |  10.8 |      59 |       1 |   1.7
            +---------+---------+-------+---------+---------+-------
        D:1 |      46 |       0 |   0.0 |      24 |       0 |   0.0
        D:2 |      79 |      36 |  31.3 |      25 |       1 |   3.8
        D:3 |     173 |       0 |   0.0 |      10 |       0 |   0.0
            +---------+---------+-------+---------+---------+-------
